 Dungeon Crawl Stone Soup version 0.29-a0-319-gad05b8d819 (webtiles) character file.

Game seed: 17825910982651948661

140 GigaChad the Skirmisher (level 5, -1/44 HPs)
             Began as a Palentonga Abyssal Knight on Apr 1, 2022.
             Was a Priest of Lugonu.
             Succumbed to a scorpion's poison
             ... on level 4 of the Dungeon.
             The game lasted 00:11:55 (1868 turns).

GigaChad the Skirmisher (Palentonga Abyssal Knight) Turns: 1868, Time: 00:11:56

Health: -1/44      AC:  7    Str: 16    XL:     5   Next: 2%
Magic:  1/6        EV:  9    Int: 11    God:    Lugonu [***...]
Gold:   194        SH:  0    Dex: 12    Spells: 4/4 levels left

rFire   + . .      SeeInvis +   y - +0 broad axe
rCold   . . .      Faith    .   g - orb {*channel}
rNeg    . . .      Spirit   +   (no body armour)
rPois   .          Reflect  .   (no helmet)
rElec   .          Harm     .   (no cloak)
rCorr   .          Rampage  .   (no gloves)
Will    .....                   (no barding)
Stlth   +.........              f - amulet of guardian spirit
HPRegen 0.14/turn               d - ring of protection from fire
MPRegen 0.10/turn               t - +4 ring of protection

@: lethally poisoned (-1 -> -3)
A: large, rugged brown scales 3, see invisible, deformed body, roll 1, armoured
tail
a: Rolling Charge, Renounce Religion, Depart the Abyss, Bend Space, Banish


You were on level 4 of the Dungeon.
You worshipped Lugonu.
Lugonu was most pleased with you.
You visited 1 branch of the dungeon, and saw 4 of its levels.
You visited the Abyss 1 time.

You collected 194 gold pieces.

Inventory:

Hand Weapons
 a - a +1 falchion
 c - a +0 mace
 r - a +0 trident
 u - a +0 hand axe
 x - a +0 flail
 y - a +0 broad axe (weapon)
Missiles
 i - 5 boomerangs
 s - 2 poisoned darts
Armour
 b - a +0 leather armour
 e - a +0 scale mail
 g - an orb of energy (worn)
 h - a +2 pair of boots
 n - the +0 buckler of the Sturgeon {+Inv rF+ Regen+}
   (You found it on level 2 of the Dungeon)

   rF:        It protects you from fire.
   +Inv:      It lets you turn invisible.
   Regen:     It increases your rate of health regeneration.
 p - a +0 chain mail
 v - a +0 pair of gloves
Jewellery
 d - a ring of protection from fire (left hand)
 f - an amulet of guardian spirit (around neck)
 t - a +4 ring of protection (right hand)
Wands
 A - a wand of iceblast (14)
Scrolls
 l - a scroll of blinking {unknown}
 w - a scroll of summoning {unknown}
 z - a scroll of fog {unknown}
Potions
 j - a potion of cancellation {unknown}
 k - 3 potions of lignification {unknown}
 m - a potion of curing {unknown}
 o - a potion of heal wounds {unknown}
 q - 3 potions of degeneration {unknown}


   Skills:
 + Level 3.8 Fighting
 + Level 3.6 Long Blades
 + Level 0.2 Axes
 + Level 2.2 Armour
 + Level 1.3 Dodging
 + Level 2.3 Invocations


You had 4 spell levels left.
You didn't know any spells.
Your spell library contained the following spells:

 Spells                   Type           Power      Damage    Failure   Level
 Animate Skeleton         Necr           0%         N/A       34%         1
 Pain                     Necr           0%         1d4       34%         1
 Vampiric Draining        Necr           0%         2d6       71%         3


Dungeon Overview and Level Annotations

Branches:
Dungeon (4/15)
 Temple: D:4-7

Altars:
Cheibriados
Nemelex Xobeh
Xom


Innate Abilities, Weirdness & Mutations

You are completely covered in rugged brown scales. (AC +3, +7% HP)
You have supernaturally acute eyesight. (SInv)
Armour fits poorly on your strangely shaped body.
You can roll at nearby foes to attack.
You have a long armoured tail.


Message History

You feel very sick. The scorpion stings you.
You feel sick. The scorpion barely misses you. The scorpion stings you.
Items here: ( ) [ †.
You feel sick. The scorpion stings you.
You feel sick.
The scorpion stings you but does no damage.
You feel sick.
The scorpion stings you but does no damage.
You feel sick. The scorpion barely misses you.
You closely miss the scorpion. You tail-slap the scorpion.
The scorpion is lightly wounded.
You feel sick.
You are no longer poisoned.
The scorpion stings you. x2
You are poisoned.
The scorpion poisons you!
You hit the scorpion.
The scorpion is heavily wounded.
* * * LOW HITPOINT WARNING * * *
You feel very sick. The scorpion completely misses you.
The scorpion closely misses you.
You closely miss the scorpion.
The scorpion is heavily wounded.
* * * LOW HITPOINT WARNING * * *
You feel very sick. The scorpion barely misses you.
The scorpion stings you but does no damage.
You hit the scorpion but do no damage.
The scorpion is heavily wounded.
You feel sick. The scorpion stings you.
* * * LOW HITPOINT WARNING * * *
The scorpion barely misses you.
You hit the scorpion.
The scorpion is severely wounded.
* * * LOW HITPOINT WARNING * * *
You feel sick. The scorpion misses you. The scorpion closely misses you.
You hit the scorpion but do no damage.
The scorpion is severely wounded.
You die...

#.# #. ##.# #. ...# #.
#### ##### ##### #.
##...## ##...## #######.
#.....#####.....#
#.......
#...[.......)...#
#.#####.
#.....#####.s.."######.#
#. ##...##
##@..##...##.# #.
#######.## ##.#####†##.#
#. ...)).#.#
#.#........#####†
####..'.#
+.#####<##....... ####.#
#.# #.######### #.# #.#
... ... ... ..... ....
... ##...## ...... ##)##


You could see a scorpion.

Vanquished Creatures
  A scorpion (D:4)
  A gnoll (D:4)
  An adder (D:2)
  A worm (D:3)
  3 orcs (D:4)
  5 ball pythons
  4 endoplasms
  2 giant cockroaches
  6 goblins
  6 hobgoblins
  2 jackals (D:2)
  4 kobolds
  2 quokkas
  8 bats
  2 frilled lizards (D:2)
  5 rats
53 creatures vanquished.

Notes
Turn   | Place    | Note
-------+----------+-------------------------------------------
     0 | Abyss:1  | GigaChad the Palentonga Abyssal Knight began the quest for
                  | the Orb.
     0 | Abyss:1  | Reached XP level 1. HP: 19/19 MP: 2/2
    11 | D:1      | Escaped the Abyss
   216 | D:1      | Found a faded altar of an unknown god.
   353 | D:1      | Reached XP level 2. HP: 11/25 MP: 3/3
   656 | D:2      | Identified the +0 buckler of the Sturgeon {+Inv rF+ Regen+}
   739 | D:2      | Reached XP level 3. HP: 27/31 MP: 4/4
   890 | D:2      | Reached skill level 1 in Dodging
   937 | D:2      | Reached *** piety under Lugonu
  1040 | D:3      | Found a sparkling altar of Nemelex Xobeh.
  1170 | D:3      | Found a shimmering altar of Xom.
  1529 | D:4      | Noticed a scorpion
  1538 | D:4      | Killed a scorpion
  1539 | D:4      | Reached XP level 4. HP: 34/39 MP: 3/5
  1718 | D:4      | Found a snail-covered altar of Cheibriados.
  1838 | D:4      | Reached XP level 5. HP: 36/44 MP: 3/6
  1866 | D:4      | HP: 2/44 [scorpion (4)]
  1868 | D:4      | Succumbed to a scorpion's poison

Illustrated notes

Levels and vault maps discovered:
D:1:      amcnicky_arrival_single_pillar, layout_rooms,
          shapermc_ecumenical_altar_starsandcircs
D:2:      layout_loops_ring
D:3:      layout_rooms, nicolae_ru_the_path_less_chosen, nemelex_altar_shiori,
          xom_butterflies
D:4:      minmay_octagon_keep, layout_loops_ring, general_overflow_altar,
          mainiacjoe_overflow_surrounded_room, st_stairs_1,
          minmay_misc_feat_secret_circle, minmay_misc_feat_five

Skill      XL: |  1  2  3 |
---------------+----------+-----
Armour         | 2 |  2.2
Dodging        | 1 |  1.3
Long Blades    | 3 |  3.6
Fighting       | |  3.8
Axes           | |  0.2
Invocations    | |  2.3

Action                   |  1- 3 |  4- 6 || total
-------------------------+-------+-------++-------
Melee: Falchion          |   110 |    13 ||   123
       Tailslap          |    16 |     3 ||    19
       Broad axe         |       |    18 ||    18
  Use: Scroll            |     3 |       ||     3
 Stab: Sleeping          |     1 |       ||     1
Armor: Leather armour    |    25 |       ||    25
       Scale mail        |    48 |       ||    48
       Skin              |    13 |    16 ||    29
Dodge: Dodged            |    73 |    17 ||    90

Table legend: (Time is in decaauts)
 A = Elapsed time spent in this place.
 B = Non-inter-level travel time spent in this place.
 C = Inter-level travel time spent in this place.
 D = Time resting spent in this place.
 E = Time spent auto-exploring this place.
 F = Levels seen in this place.
 G = Mean time per level.
                   A        B        C        D        E       F      G
               +--------+--------+--------+--------+--------+-----+--------+
         Total |   1897 |   1867 |     30 |      0 |      0 |   5 |  379.4 |
       Dungeon |   1886 |   1856 |     30 |      0 |      0 |   4 |  471.5 |
         Abyss |     11 |     11 |      0 |      0 |      0 |   1 |   11.0 |
               +--------+--------+--------+--------+--------+-----+--------+

Top non-repeatable levels by time:
     D:3: 525 daAuts
     D:1: 506 daAuts
     D:2: 481 daAuts
     D:4: 372 daAuts
 Abyss:1: 11 daAuts
